 Dungeon Crawl Stone Soup version 0.31-a0-466-g98c9adc2b6 (webtiles) character file.

Game seed: 9184274667811490417

1805524 GloriousHammer the Shapeless Merfolk (level 27, 226/226 HPs)
             Began as a Merfolk Shapeshifter on Aug 4, 2023.
             Was the Champion of Elyvilon.
             Escaped with the Orb
             ... and 3 runes on Aug 5, 2023!
             The game lasted 03:09:03 (60925 turns).

GloriousHammer the Shapeless Merfolk (MfSh)        Turns: 60925, Time: 03:09:03

Health: 226/226    AC: 20    Str: 22    XL:     27
Magic:  46/46      EV: 61    Int: 12    God:    Elyvilon [******]
Gold:   3791       SH:  2    Dex: 17    Spells: 18/34 levels left

rFire   + .          .
                       - Unarmed
rCold   . . .        (shield currently unavailable)
rNeg    . . .        (body armour currently unavailable)
rPois   ∞            (helmet currently unavailable)
rElec   +            (cloak currently unavailable)
rCorr   .            (gloves currently unavailable)
SInv    .            (boots currently unavailable)
Will    +++++        I - amulet "Lixeptyd" {Spirit Rampage rF+ Slay+3}
Stlth   +            G - ring "Seilairch" {Will+++ EV+5}
HPRegen 1.37/turn    g - ring of the Octopus King {HP+2 MP+9 AC+2 EV+2 SH+2}
MPRegen 0.30/turn

%: guardian spirit, rampage
@: storm-form, flying, studying 2 skills
A: cleaving, insubstantial, flying, (nimble swimmer 2), (mertail), (antennae 1),
(fire resistance 1), regeneration 1, evolution 1
0: Orb of Zot
}: 3/15 runes: serpentine, barnacled, silver
a: Blinkbolt, Begin Untransformation, Renounce Religion, Purification, Heal
Other, Heal Self, Divine Vigour


You escaped.
You worshipped Elyvilon.
Elyvilon was exalted by your worship.
You were a lightning-filled tempest!
You visited 11 branches of the dungeon, and saw 51 of its levels.
You visited 1 bazaar.
You also visited: Sewer, Bailey, Ice Cave and Volcano.

You collected 7657 gold pieces.
You spent 3866 gold pieces at shops.

Inventory:

Missiles
 s - 8 throwing nets
 J - 12 silver javelins
 X - 11 javelins
Jewellery
 f - a ring of fire
 g - a ring of the Octopus King (right fist) {HP+2 MP+9 AC+2 EV+2 SH+2}
   (You found it on level 1 of the Shoals)

   [ring of magical power]

   AC:        It affects your AC (+2).
   EV:        It affects your evasion (+2).
   HP:        It affects your health (+2).
   MP:        It affects your magic capacity (+9).
   SH:        It affects your SH (+2).
 i - an amulet of regeneration
 v - a ring of see invisible
 y - a +4 ring of slaying
 C - the ring of Xom's Entertainment {Ice rCorr Int+4}
   (You took it off Josephina on level 2 of the Realm of Zot)

   [ring of ice]

   It enhances your ice magic.
   Int:       It affects your intelligence (+4).
   rF:        It makes you vulnerable to fire.
   rC:        It protects you from cold.
   rCorr:     It protects you from acid and corrosion.
 G - the ring "Seilairch" (left fist) {Will+++ EV+5}
   (You found it on level 4 of the Depths)

   [ring of evasion]

   EV:        It affects your evasion (+5).
   Will:      It greatly increases your willpower.
 I - the amulet "Lixeptyd" (around neck) {Spirit Rampage rF+ Slay+3}
   (You found it on level 4 of the Snake Pit)

   [amulet of guardian spirit]

   It causes incoming damage to be divided between your reserves of health and
   magic.
   Slay:      It affects your accuracy & damage with ranged weapons and melee
   (+3).
   rF:        It protects you from fire.
   Rampage:   It bestows one free step when moving towards enemies.
 N - a ring of positive energy
 R - the ring of Nesullid {Fly rN+ rCorr Int-2}
   (You found it on level 3 of the Elven Halls)

   [ring of flight]

   Int:       It affects your intelligence (-2).
   rN:        It protects you from negative energy.
   Fly:       It grants you flight.
   rCorr:     It protects you from acid and corrosion.
 Z - the ring of the Pure Knives {Will+ Str+5}
   (You bought it in a shop on level 1 of the Elven Halls)

   [ring of willpower]

   Str:       It affects your strength (+5).
   Will:      It increases your willpower.
Talismans
 q - a storm talisman (active)
Wands
 h - a wand of iceblast (32)
 o - a wand of mindburst (23) (quivered)
 t - a wand of digging (10)
 u - a wand of polymorph (11)
 B - a wand of charming (57)
 V - a wand of light (36)
Scrolls
 b - 12 scrolls of immolation
 d - 10 scrolls of poison
 e - 23 scrolls of teleportation
 j - 3 scrolls of fog
 l - 10 scrolls of vulnerability
 r - 6 scrolls of revelation
 D - 5 scrolls of summoning
 M - 9 scrolls of enchant armour
 T - 5 scrolls of silence
 U - 11 scrolls of fear
 Y - 7 scrolls of blinking
Potions
 a - 10 potions of mutation
 k - 8 potions of invisibility
 m - 18 potions of heal wounds
 n - 3 potions of cancellation
 p - 12 potions of might
 w - a potion of haste
 x - 5 potions of magic
 z - 6 potions of resistance
 A - 7 potions of brilliance
 F - 6 potions of enlightenment
 H - 28 potions of curing
 K - 8 potions of lignification
 L - 5 potions of ambrosia
 O - 15 potions of attraction
 S - 7 potions of berserk rage
Miscellaneous
 c - a phantom mirror
 E - a lightning rod (4/4)
 P - a phial of floods
 Q - a condenser vane
 W - a sack of spiders


   Skills:
 + Level 19.9 Fighting
 - Level 4.0 Armour
 + Level 23.2 Dodging
 - Level 4.0 Stealth
 + Level 23.5 Unarmed Combat
 - Level 4.0 Spellcasting
 - Level 11.4 Translocations
 - Level 6.0 Transmutations
 - Level 7.0 Ice Magic
 - Level 6.0 Air Magic
 - Level 1.0 Earth Magic
 - Level 20.3 Invocations
 * Level 15.4 Evocations
 O Level 27 Shapeshifting


You had 18 spell levels left.
You knew the following spells:

 Your Spells              Type           Power      Damage    Failure   Level
a - Manifold Assault      Tloc           29%        N/A       1%          4
b - Lesser Beckoning      Tloc           58%        N/A       1%          2
c - Wereblood             Tmut           16%        N/A       2%          2
d - Ozocubu's Armour      Ice            19%        N/A       3%          3
e - Swiftness             Air            16%        N/A       5%          3
f - Passwall              Tmut/Erth      8%         N/A       8%          2

Your spell library contained the following spells:

 Spells                   Type           Power      Damage    Failure   Level
 Apportation              Tloc           58%        N/A       1%          1
 Blink                    Tloc           58%        N/A       1%          2
 Passage of Golubria      Tloc           29%        N/A       1%          4
 Momentum Strike          Conj/Tloc      32%        3d8       3%          2
 Frozen Ramparts          Ice            38%        1d6       3%          3
 Sting                    Tmut/Pois      36%        1d4       6%          1
 Volatile Blastmotes      Fire/Tloc      32%        2d12      6%          3
 Ensorcelled Hibernation  Hex/Ice        20%        N/A       8%          2
 Poisonous Vapours        Pois/Air       18%        N/A       10%         2
 Sandblast                Erth           8%         2d5       14%         1
 Cigotuvi's Dreadful Rot  Necr/Pois/Air  14%        N/A       14%         2
 Hailstorm                Conj/Ice       10%        3d5       16%         3
 Magic Dart               Conj           8%         1d3       22%         1
 Necrotise                Necr           8%         1d4       22%         1
 Summon Small Mammal      Summ           8%         N/A       22%         1
 Iskenderun's Mystic Bla  Conj/Tloc      16%        2d5       22%         4
 Ignite Poison            Fire/Tmut/Pois 7%         N/A       28%         3
 Mephitic Cloud           Conj/Pois/Air  7%         N/A       28%         3
 Dispersal                Tloc           14%        N/A       30%         6
 Call Imp                 Summ           4%         N/A       32%         2
 Scorch                   Fire           4%         2d5       32%         2
 Searing Ray              Conj           4%         2d4       32%         2
 Petrify                  Tmut/Erth      10%        N/A       45%         4
 Summon Ice Beast         Ice/Summ       10%        N/A       45%         4
 Stone Arrow              Conj/Erth      6%         3d7       47%         3
 Summon Forest            Summ/Tloc      8%         N/A       52%         5
 Dazzling Flash           Conj/Hex       4%         N/A       54%         3
 Inner Flame              Hex/Fire       2%         N/A       54%         3
 Summon Guardian Golem    Hex/Summ       2%         N/A       54%         3
 Tukima's Dance           Hex            2%         N/A       54%         3
 Summon Lightning Spire   Summ/Air       9%         N/A       54%         4
 Freezing Cloud           Conj/Ice/Air   6%         6-21      71%         5
 Metabolic Englaciation   Hex/Ice        5%         N/A       82%         5
 Animate Armour           Summ/Erth      6%         N/A       87%         4
 Leda's Liquefaction      Hex/Erth       1%         N/A       87%         4
 Alistair's Intoxication  Tmut/Pois      6%         N/A       87%         5
 Silence                  Hex/Air        4%         N/A       87%         5
 Yara's Violent Unravell  Hex/Tmut       4%         3d4       87%         5
 Anguish                  Hex/Necr       1%         N/A       91%         4
 Cause Fear               Hex            1%         N/A       91%         4
 Flame Wave               Conj/Fire      2%         2d4       91%         4
 Fulminant Prism          Conj/Hex       1%         3d5       91%         4
 Olgreb's Toxic Radiance  Pois           2%         N/A       91%         4
 Sticky Flame             Conj/Fire      2%         2d3       91%         4
 Agony                    Necr           2%         N/A       99%         5
 Borgnjor's Vile Clutch   Necr/Erth      1%         N/A       99%         5
 Lee's Rapid Deconstruct  Erth           2%         3d4*      99%         5
 Summon Mana Viper        Hex/Summ       2%         N/A       99%         5
 Eringya's Noxious Bog    Tmut/Pois      4%         4d6       100%        6
 Leda's Unmaking          Conj/Erth      1%         9d1       100%        6
 Simulacrum               Ice/Necr       5%         N/A       100%        6
 Starburst                Conj/Fire      1%         6d3       100%        6
 Summon Cactus Giant      Summ           1%         N/A       100%        6
 Enfeeble                 Hex            1%         N/A       100%        7
 Haunt                    Necr/Summ      1%         N/A       100%        7
 Orb of Destruction       Conj           1%         9d5       100%        7
 Ozocubu's Refrigeration  Ice            9%         4d9       100%        7
 Spellforged Servitor     Conj/Summ      1%         N/A       100%        7
 Summon Hydra             Summ           1%         N/A       100%        7
 Discord                  Hex            1%         N/A       100%        8
 Disjunction              Tloc           14%        N/A       100%        8
 Ignition                 Fire           1%         3d3       100%        8
 Lehudib's Crystal Spear  Conj/Erth      1%         10d2      100%        8
 Maxwell's Capacitive Co  Air            8%         ∞         100%        8


Dungeon Overview and Level Annotations

Branches:
Dungeon (15/15)            Temple (1/1) D:6            Lair (5/5) D:8
 Shoals (4/4) Lair:3        Snake (4/4) Lair:3        Slime (0/5) Lair:4
    Orc (2/2) D:9             Elf (3/3) Orc:2        Vaults (5/5) D:13
  Crypt (3/3) Vaults:3       Tomb (0/3) Crypt:3      Depths (4/4) D:15
    Zot (5/5) Depths:4      Sewer (visited)          Bailey (visited)
  IceCv (visited)         Volcano (visited)

Altars:
Ashenzari
Cheibriados
Dithmenos
Elyvilon
Fedhas
Gozag
Hepliaklqana
Kikubaaqudgha
Makhleb
Nemelex Xobeh
Okawaru
Qazlal
Ru
Sif Muna
Trog
Uskayaw
Vehumet
Wu Jian
Xom
Yredelemnul
Zin
The Shining One
Lugonu

Shops:
Orc:2 ([:*   Elf:1 =:=   Elf:2 [   Elf:3 [   Snake:3 ?!   Vaults:2 [
Vaults:5 ?   Depths:2 ?*   Depths:4 ?

Portals:
Hell: Depths:1 Depths:2 Depths:3 Depths:4
Abyss: Depths:2 Depths:3
Pandemonium: Depths:2
Ziggurat: Depths:2
Trove: Vaults:3 (give 9 potions of haste)

Annotations:
D:1 exclusion: downstairs
D:12 exclusion: downstairs
Lair:3 exclusion: downstairs
Zot:4 2 transporters, Xavori's ghost, legendary VSCK


Innate Abilities, Weirdness & Mutations

You are a lightning-filled tempest!
Your electrical attacks strike out in all directions at once.
You are incredibly evasive.
Your insubstantial body is immune to petrification, constriction, and being set on fire You are flying.
Your armour is entirely melded.
You are incapable of wielding weapons or throwing items.
You are immune to poison.
((You are very nimble when in or above water. (Stealth+, EV+, Speed+++)))
((Your lower body shifts to a powerful aquatic tail in water.))
((You have a pair of small antennae on your head.))
((Your flesh is heat resistant. (rF+)))
Your natural rate of healing is unusually fast.
You have hidden genetic potential.


Message History

You kill the Orb Guardian!
(D) Dungeon (T) Temple (L) Lair (A) Shoals (P) Snake Pit (M) Slime Pits (O) Orcish Mines (E) Elven Halls (V) Vaults (C) Crypt (W) Tomb (U) Depths (H) Hell (Z) Zot
Where to? (Enter - D:1 @ (x,y), ? - help)
What level of the Dungeon? (default 1, ? - help) Magic restored.
A soul eater comes into view.
Casting: Manifold Assault (mildly dangerous; 1% risk of failure)
Confirm with . or Enter, or press ? or * to list all spells.
Space momentarily warps into an impossible shape!
You completely miss the soul eater.
Casting: Manifold Assault (mildly dangerous; 1% risk of failure)
Confirm with . or Enter, or press ? or * to list all spells.
Space momentarily warps into an impossible shape!
You barely miss the soul eater.
Casting: Manifold Assault (mildly dangerous; 1% risk of failure)
Confirm with . or Enter, or press ? or * to list all spells.
Space momentarily warps into an impossible shape!
You hit the soul eater.
Lightning courses through the soul eater!
Casting: Manifold Assault (mildly dangerous; 1% risk of failure)
Confirm with . or Enter, or press ? or * to list all spells.
Space momentarily warps into an impossible shape!
You barely miss the soul eater.
You feel yourself speed up.
(D) Dungeon (T) Temple (L) Lair (A) Shoals (P) Snake Pit (M) Slime Pits (O) Orcish Mines (E) Elven Halls (V) Vaults (C) Crypt (W) Tomb (U) Depths (H) Hell (Z) Zot
Where to? (Enter - D:1 @ (x,y), ? - help)
What level of the Dungeon? (default 1, ? - help)
A soul eater is nearby!
Casting: Manifold Assault (mildly dangerous; 1% risk of failure)
Confirm with . or Enter, or press ? or * to list all spells.
Space momentarily warps into an impossible shape!
You buffet the soul eater!
Casting: Manifold Assault (mildly dangerous; 1% risk of failure)
Confirm with . or Enter, or press ? or * to list all spells.
Space momentarily warps into an impossible shape!
You barely miss the soul eater.
There is a stone staircase leading up here.
You fly upwards.
There is a stone staircase leading down here.
(D) Dungeon (T) Temple (L) Lair (A) Shoals (P) Snake Pit (M) Slime Pits (O) Orcish Mines (E) Elven Halls (V) Vaults (C) Crypt (W) Tomb (U) Depths (H) Hell (Z) Zot
Where to? (Enter - D:1 @ (x,y), ? - help)
What level of the Dungeon? (default 1, ? - help)
There is a stone staircase leading down here.
There is a stone staircase leading up here.
You fly upwards.
There is a stone staircase leading down here.
Your extra speed is starting to run out.
You feel yourself slow down.
Casting: Manifold Assault (mildly dangerous; 1% risk of failure)
Confirm with . or Enter, or press ? or * to list all spells.
Aiming: Passwall (safe; 8% risk of failure)
Press: ? - help, Dir - move target A rock wall.
This square is covered in magical glow.
You begin to meditate on the wall.
You continue meditating on the rock. x2
You finish merging with the rock.
You fly upwards.
There is a stone staircase leading down here.
(D) Dungeon (T) Temple (L) Lair (A) Shoals (P) Snake Pit (M) Slime Pits (O) Orcish Mines (E) Elven Halls (V) Vaults (C) Crypt (W) Tomb (U) Depths (H) Hell (Z) Zot
Where to? (Enter - D:1 @ (x,y), ? - help)
What level of the Dungeon? (default 1, ? - help)
There is a stone staircase leading up here.
You fly upwards.
There is a stone staircase leading down here.
There is a stone staircase leading up, spattered with blood here.
You fly upwards.
Level annotation: exclusion: downstairs
There is a stone staircase leading down, spattered with blood here.
There is an open door here.
A great orb of eyes comes into view.
You rampage towards the great orb of eyes!
You batter the great orb of eyes!!
Lightning courses through the great orb of eyes!
You punch the great orb of eyes!
The great orb of eyes is heavily wounded.
You blast the great orb of eyes!!!
You kill the great orb of eyes!
Aiming: Dig
Press: ? - help, Shift-Dir - straight line This square is covered in magical glow.
The rock shatters into small pieces.
Aiming: Dig
Press: ? - help, Shift-Dir - straight line A rock wall.
This square is covered in magical glow.
The rock shatters into small pieces.
There is a staircase leading out of the dungeon here.
You have escaped!

#..........#......#
##.#...#.
###..........#.#....#
#..#..##.
#...........####....##
#.#...##.
#...........##.#.....##
#.#..####
#...........##........#
#....#
#####.....####...#...(#
##..#### #.....#
##.......## ##.##.#
#.....# ##........#
#..#..# #.....#
#..v......###.....#
#######
#..........##....##
##.........##....#
###.......#.....#
####.........##
###......## ########


There were no monsters in sight!

Vanquished Creatures
  8 dread liches
  Mara (Snake:4)
  3 orbs of fire (Zot:5)
  9 ancient liches
  A pandemonium lord (Depths:2)
  A juggernaut (Depths:3)
  Boris (Crypt:2)
  Josephina (Zot:2)
  Margery (Crypt:2)
  5 Killer Klowns (Zot:5)
  Saint Roka (Vaults:1)
  Vashnia (Snake:3)
  2 curse toes
  20 golden dragons
  Nikola (Snake:2)
  2 profane servitors (Crypt:3)
  Jory (Crypt:2)
  Norris (Elf:1)
  A bone dragon (Crypt:3)
  2 electric golems (Zot:5)
  A Brimstone Fiend (Depths:4)
  13 tentacled monstrosities
  Jorgrun (D:12)
  A shard shrike zombie (Crypt:2)
  Zenata (Crypt:1)
  Rupert (D:13)
  A Hell Sentinel (Depths:2)
  3 liches
  27 Orb Guardians
  2 deep elf master archers (Elf:3)
  3 titans (Vaults:5)
  A walking divine tome (Depths:4)
  Gastronok (Lair:3)
  2 walking earthen tomes (Depths:3)
  3 ancient champions
  2 deep elf blademasters (Elf:3)
  2 Executioners (Depths:2)
  6 quicksilver dragons
  Polyphemus (Shoals:2)
  4 walking frostbound tomes
  7 tengu reavers
  8 sphinxes
  12 death cobs
  3 draconian monks
  4 shadow dragons
  12 storm dragons
  Ilsuiw (Shoals:2)
  Aizul (Shoals:3)
  14 nagarajas
  6 draconian knights
  Roxanne (Snake:1)
  16 frost giants
  13 fire giants
  7 vault wardens
  2 revenants
  An iron dragon (Depths:4)
  Louise (Shoals:2)
  6 draconian scorchers
  2 caustic shrike zombies (Crypt:3)
  8 draconian shifters
  4 deep elf elementalists
  2 ghost moths
  4 curse skulls
  2 deep elf sorcerers
  9 ghouls
  A draconian stormcaller (Zot:2)
  3 orc warlords
  10 draconian annihilators
  2 war gargoyles (Vaults:5)
  2 spriggan defenders
  A reaper (Crypt:1)
  15 ironbound preservers
  A formless jellyfish (Vaults:2)
  15 green draconians
  12 very ugly things
  13 stone giants
  8 ironbound thunderhulks
  Nessos (D:13)
  2 lorocyprocas
  Azrael (D:15)
  9 vampire knights
  6 yellow draconians
  10 spark wasps (Depths:3)
  6 deep elf demonologists
  13 deep elf annihilators
  8 purple draconians
  11 red draconians
  6 white draconians
  12 black draconians
  4 merfolk javelineers
  19 ettins
  A crystal guardian (Vaults:4)
  6 deep elf death magi
  9 jiangshi
  14 eidola
  12 merfolk impalers
  2 green deaths (Snake:2)
  5 fire dragons
  A mummy priest (Crypt:3)
  Harold (D:10)
  8 great orbs of eyes
  3 salamander tyrants
  16 yaktaur captains
  4 spriggan zombies
  A quicksilver dragon skeleton (Depths:3)
  27 vault guards
  3 catoblepae
  An entropy weaver (shapeshifter) (Depths:3)
  6 deep elf high priests
  14 ice dragons
  5 ironbound frosthearts
  A juggernaut simulacrum (Depths:3)
  An ogre mage (Vaults:5)
  3 rakshasas
  3 peacekeepers (Vaults:4)
  3 spriggan air magi
  4 hydras
  Erolcha (D:11)
  8 centaur warriors
  4 merfolk aquamancers
  An anaconda (shapeshifter) (D:15)
  A caustic shrike simulacrum (Depths:3)
  An alligator snapping turtle (Shoals:4)
  5 boulder beetles
  4 two-headed ogres
  3 death knights
  4 hell hogs (D:12)
  29 dancing weapons
  Erica (D:10)
  2 merfolk avatars
  5 tengu warriors
  3 deep troll shamans
  19 naga warriors
  6 anacondas
  8 deep troll earth magi
  6 vampire magi
  18 death yaks
  13 shock serpents
  7 spriggan berserkers
  3 orc high priests (Orc:2)
  23 hell knights
  14 naga sharpshooters
  22 deep elf knights
  A soul eater (Crypt:1)
  8 salamander mystics
  6 iron trolls
  4 skysharks
  2 spriggans (Depths:3)
  13 sea snakes
  23 skeletal warriors
  A quicksilver dragon simulacrum (Zot:2)
  The ghost of perezv8180 the Thaumaturge, a novice SpCj of Okawaru (D:9)
  Lodul (D:13)
  3 glowing orange brains
  A deep troll (shapeshifter) (Vaults:5)
  A shadow demon (Zot:3)
  32 deep trolls
  An anaconda zombie (Crypt:3)
  9 flayed ghosts
  13 deep elf archers
  17 ironbound convokers
  6 wizards
  2 bog bodies (Crypt:2)
  A bunyip skeleton (Crypt:2)
  16 naga ritualists
  5 lindwurms
  28 phantasmal warriors
  8 necromancers
  A mana viper (shapeshifter) (Elf:1)
  32 deep elf zephyrmancers
  12 mana vipers
  A fire giant zombie (Depths:2)
  9 orc knights
  49 ugly things
  29 deep elf pyromancers
  4 orc sorcerers (Orc:2)
  12 harpies
  A tengu skeleton (Depths:3)
  A shining eye (shapeshifter) (Elf:1)
  13 salamanders
  2 wolf spiders (Crypt:3)
  A faun (shapeshifter) (Vaults:5)
  7 elephants
  An iron dragon zombie (Crypt:3)
  16 moths of wrath
  6 cyclopes
  A jorogumo skeleton (Crypt:1)
  4 fauns (Shoals:3)
  10 manticores
  3 centaur zombies
  11 water nymphs
  A black mamba (shapeshifter) (D:14)
  39 black mambas
  8 merfolk sirens
  Maurice (D:13)
  A dire elephant zombie (Crypt:1)
  An ice statue (IceCv)
  11 naga magi
  3 naga zombies
  A gargoyle (Bailey)
  4 guardian serpents
  16 vault sentinels
  A storm dragon simulacrum (Zot:2)
  5 torpor snails
  A rust devil (Depths:2)
  A formless jellyfish zombie (Crypt:2)
  An eye of devastation (shapeshifter) (Vaults:5)
  21 cane toads
  8 freezing wraiths
  4 unseen horrors
  An alligator snapping turtle zombie (Crypt:3)
  An unseen horror (shapeshifter) (D:9)
  An efreet (D:14)
  5 komodo dragons
  6 rime drakes
  3 tengu conjurers (Depths:3)
  28 yaktaurs
  4 trolls
  A mana viper zombie (Crypt:2)
  2 trolls (shapeshifter)
  2 guardian mummies
  34 merfolk
  14 polar bears
  2 harpy zombies (Crypt:3)
  15 wind drakes
  A raiju (shapeshifter) (Elf:3)
  4 hornets
  12 blink frogs
  A shadow dragon simulacrum (Zot:2)
  A fire giant simulacrum (Depths:2)
  A fire dragon zombie (Crypt:1)
  4 jumping spiders (Crypt:3)
  6 snapping turtles
  13 dream sheep
  11 air elementals
  A centaur simulacrum (D:14)
  A spriggan (shapeshifter) (Depths:4)
  4 shadows
  A frost giant simulacrum (Depths:2)
  8 wyverns
  10 slime creatures
  10 wraiths
  3 fire elementals
  Eustachio (D:5)
  30 water elementals
  4 vampires
  A fire bat (Volcano)
  77 yaks
  17 humans
  2 basilisks
  A glowing shapeshifter zombie (Depths:3)
  5 vampire mosquitoes
  46 nagas
  An acid dragon (D:11)
  2 wargs
  Edmund (D:5)
  10 large abominations (Depths:2)
  2 floating eyes (Depths:3)
  Duvessa (D:7)
  A cane toad zombie (Crypt:1)
  4 hell hounds
  A moth of wrath simulacrum (Zot:2)
  13 water moccasins
  A merfolk skeleton (Crypt:1)
  4 small abominations (Depths:2)
  27 orc warriors
  3 sky beasts
  3 black bears
  An ice beast (D:5)
  8 ogres
  16 centaurs
  27 wolves
  4 phantoms
  7 kobold brigands
  4 scorpions
  A scorpion (shapeshifter) (Elf:3)
  14 necrophages
  9 bullfrogs
  An earth elemental (Elf:3)
  A water moccasin zombie (Crypt:2)
  5 wights
  7 wyvern skeletons (Crypt:3)
  Dowan (D:7)
  11 killer bees
  8 vampire bats (Bailey)
  7 wolf zombies (Bailey)
  4 howler monkeys
  10 jellies
  22 orc priests
  A gnoll bouda (D:8)
  3 hounds
  A sleepcap (D:6)
  3 iguanas
  28 orc wizards
  A deep dwarf skeleton (Crypt:2)
  2 mummies (Crypt:3)
  12 gnolls
  An adder (D:2)
  21 orc zombies (Bailey)
  2 river rats (D:3)
  A shadow imp (D:5)
  14 white imps
  An iguana zombie (Crypt:2)
  6 worms
  A dart slug (D:1)
  95 orcs
  10 ball pythons
  A bat skeleton (Crypt:1)
  10 endoplasms
  9 giant cockroaches
  A goblin (D:3)
  5 hobgoblins
  2 quokkas
  9 bats
  3 frilled lizards
  A hobgoblin zombie (Crypt:2)
  34 kobolds
  7 rats
2320 creatures vanquished.

Vanquished Creatures (collateral kills)
  An orb of fire (Zot:4)
  An Orb Guardian (Zot:5)
  A storm dragon (Zot:5)
  A green draconian (Zot:4)
  A white draconian (Zot:4)
5 creatures vanquished.

Vanquished Creatures (others)
  A curse toe (Zot:5)
  2 death cobs (Zot:4)
  2 draconian knights
  3 deep elf demonologists (Elf:3)
  A merfolk javelineer (Shoals:4)
  2 fire dragons (Depths:3)
  2 ironbound frosthearts (IceCv)
  A merfolk aquamancer (Shoals:4)
  2 death yaks
  2 deep elf knights
  A wizard (Depths:3)
  A moth of wrath (Zot:4)
  A naga mage (Snake:1)
  2 yaktaurs
  A wind drake (Shoals:4)
  A merfolk (Shoals:4)
  An orc priest (Orc:2)
  2 orcs
  A butterfly (Depths:1)
29 creatures vanquished.

Grand Total: 2354 creatures vanquished

Notes
Turn   | Place    | Note
-------+----------+-------------------------------------------
     0 | D:1      | GloriousHammer the Merfolk Shapeshifter began the quest for
                  | the Orb.
     0 | D:1      | Reached XP level 1. HP: 15/15 MP: 1/1
   163 | D:1      | Reached XP level 2. HP: 21/21 MP: 2/2
   740 | D:2      | Found a faded altar of an unknown god.
  1095 | D:1      | Reached XP level 3. HP: 3/26 MP: 3/3
  1715 | D:2      | Reached skill level 5 in Shapeshifting
  1715 | D:2      | Reached XP level 4. HP: 29/32 MP: 4/4
  2165 | D:3      | Found a stormy altar of Qazlal.
  2305 | D:3      | Reached XP level 5. HP: 8/37 MP: 5/5
  2374 | D:3      | Found a glowing drain.
  2385 | D:3      | Reached skill level 5 in Unarmed Combat
  2389 | Sewer    | Entered a sewer
  2794 | Sewer    | Noticed a kobold brigand
  2794 | Sewer    | Noticed a kobold brigand
  2827 | Sewer    | Killed a kobold brigand
  2830 | Sewer    | Killed a kobold brigand
  2831 | Sewer    | Reached skill level 6 in Shapeshifting
  2831 | Sewer    | Reached XP level 6. HP: 24/43 MP: 6/6
  3152 | Sewer    | Reached XP level 7. HP: 32/48 MP: 7/7
  3417 | D:3      | Found a white marble altar of Elyvilon.
  3566 | D:3      | Became a worshipper of Elyvilon the Healer
  3711 | D:4      | Gained mutation: You occasionally lose the ability to drink
                  | potions when taking damage. [potion of mutation]
  3711 | D:4      | Gained mutation: You sometimes lose your temper in combat.
                  | [potion of mutation]
  3711 | D:4      | Gained mutation: Your spells are a little easier to cast,
                  | but a little less powerful. [potion of mutation]
  3715 | D:4      | Reached skill level 5 in Fighting
  3715 | D:4      | Reached skill level 10 in Unarmed Combat
  3715 | D:4      | Reached skill level 5 in Invocations
  3715 | D:4      | Reached skill level 8 in Shapeshifting
  3715 | D:4      | Reached XP level 8. HP: 5/64 MP: 7/12
  3729 | D:4      | Reached skill level 9 in Shapeshifting
  3729 | D:4      | Reached XP level 9. HP: 22/72 MP: 8/14
  4039 | D:4      | Reached * piety under Elyvilon
  4378 | D:4      | Lost mutation: Your spells are a little easier to cast, but
                  | a little less powerful. [potion of mutation]
  4378 | D:4      | Lost mutation: You occasionally lose the ability to drink
                  | potions when taking damage. [potion of mutation]
  4378 | D:4      | Lost mutation: You sometimes lose your temper in combat.
                  | [potion of mutation]
  4378 | D:4      | Gained mutation: You are frail. (-10% HP) [potion of
                  | mutation]
  4378 | D:4      | Gained mutation: You have a pair of small antennae on your
                  | head. [potion of mutation]
  4378 | D:4      | Gained mutation: You sometimes lose your temper in combat.
                  | [potion of mutation]
  4788 | D:5      | Entered Level 5 of the Dungeon
  5226 | D:5      | Noticed Eustachio
  5273 | D:5      | Killed Eustachio
  5355 | D:5      | Noticed Edmund
  5364 | D:5      | Killed Edmund
  5442 | D:5      | Reached ** piety under Elyvilon
  5846 | D:6      | Found a shimmering blue altar of Sif Muna.
  5847 | D:6      | Found a bloodstained altar of Trog.
  5848 | D:6      | Found a sacrificial altar of Ru.
  5849 | D:6      | Found a shadowy altar of Dithmenos.
  5914 | D:6      | Found an opulent altar of Gozag.
  5970 | D:6      | Reached XP level 10. HP: 49/71 MP: 12/15
  6045 | D:6      | Found a hazy altar of Hepliaklqana.
  6045 | D:6      | Found a glowing silver altar of Zin.
  6048 | D:6      | Found a snail-covered altar of Cheibriados.
  6099 | D:6      | Found a staircase to the Ecumenical Temple.
  6115 | Temple   | Entered the Ecumenical Temple
  6199 | D:6      | Found a shimmering altar of Xom.
  6415 | D:6      | Found a sparkling altar of Nemelex Xobeh.
  6663 | D:6      | Lost mutation: You are frail. (-10% HP) [potion of
                  | mutation]
  6663 | D:6      | Lost mutation: You sometimes lose your temper in combat.
                  | [potion of mutation]
  6663 | D:6      | Gained mutation: Your natural rate of healing is unusually
                  | fast. [potion of mutation]
  6663 | D:6      | Gained mutation: Your flesh is heat resistant. (rF+)
                  | [potion of mutation]
  6714 | D:7      | Reached skill level 1 in Stealth
  6730 | D:7      | Reached *** piety under Elyvilon
  6732 | D:7      | Reached skill level 10 in Shapeshifting
  6813 | D:7      | Noticed Duvessa
  6813 | D:7      | Noticed Dowan
  6824 | D:7      | Killed Duvessa
  6826 | D:7      | Killed Dowan
  7561 | D:7      | Learned a level 2 spell: Passwall
  7598 | D:8      | Found a staircase to the Lair.
  7642 | D:8      | Found an iron altar of Okawaru.
  7824 | D:8      | Reached **** piety under Elyvilon
  7951 | D:8      | Reached skill level 1 in Transmutations
  7997 | D:8      | Found a blossoming altar of Fedhas.
  8060 | D:8      | Found an ornate altar of the Wu Jian Council.
  8181 | Lair:1   | Entered Level 1 of the Lair of Beasts
  8181 | Lair:1   | Noticed a cane toad
  8187 | Lair:1   | Killed a cane toad
  8195 | Lair:1   | Noticed a cane toad
  8204 | Lair:1   | Killed a cane toad
  8251 | Lair:1   | Reached skill level 1 in Earth Magic
  8303 | Lair:1   | Reached XP level 11. HP: 50/86 MP: 13/16
  8436 | Lair:1   | Found a dark tunnel.
  8447 | Lair:1   | Reached skill level 10 in Dodging
  8481 | Volcano  | Entered a volcano
  8495 | Volcano  | Noticed a two-headed ogre
  8501 | Volcano  | Killed a two-headed ogre
  8590 | Volcano  | Noticed a salamander
  8590 | Volcano  | Noticed a salamander
  8597 | Volcano  | Killed a salamander
  8600 | Volcano  | Killed a salamander
  9486 | Lair:1   | Reached skill level 11 in Shapeshifting
  9583 | Lair:1   | Noticed a death yak
  9583 | Lair:1   | Noticed a death yak
  9583 | Lair:1   | Noticed a death yak
  9583 | Lair:1   | Noticed a death yak
  9583 | Lair:1   | Noticed a death yak
  9688 | Lair:1   | Reached skill level 12 in Shapeshifting
  9691 | Lair:1   | Reached XP level 12. HP: 93/93 MP: 17/17
  9957 | Lair:2   | Reached skill level 13 in Shapeshifting
 10375 | Lair:2   | Reached skill level 14 in Shapeshifting
 10437 | Lair:2   | Reached ***** piety under Elyvilon
 10445 | Lair:2   | Noticed a boulder beetle
 10466 | Lair:2   | Killed a boulder beetle
 10511 | Lair:2   | Noticed a five-headed hydra
 10517 | Lair:2   | Killed a six-headed hydra
 10537 | Lair:2   | Noticed a boulder beetle
 10546 | Lair:2   | Killed a boulder beetle
 10617 | Lair:2   | Noticed a skyshark
 10621 | Lair:2   | Killed a skyshark
 10672 | Lair:2   | Reached skill level 15 in Shapeshifting
 10678 | Lair:2   | Noticed a death yak
 10679 | Lair:2   | Noticed a death yak
 10679 | Lair:2   | Noticed a death yak
 10681 | Lair:2   | Pacified a death yak
 10686 | Lair:2   | Killed a death yak
 10691 | Lair:2   | Killed a death yak
 10692 | Lair:2   | Killed a death yak
 10737 | Lair:2   | Reached XP level 13. HP: 99/99 MP: 19/19
 11406 | Lair:3   | Noticed Gastronok
 11409 | Lair:3   | Noticed Sonja
 11415 | Lair:3   | Pacified Sonja
 11427 | Lair:3   | Killed Gastronok
 11927 | Lair:3   | Found a staircase to the Snake Pit.
 11937 | Lair:3   | Found a staircase to the Shoals.
 12337 | Lair:3   | Learned a level 3 spell: Swiftness
 12397 | Lair:4   | Reached XP level 14. HP: 109/109 MP: 21/21
 12583 | Lair:4   | Reached skill level 10 in Fighting
 12685 | Lair:4   | Reached skill level 1 in Air Magic
 12917 | Lair:4   | Found a staircase to the Slime Pits.
 13322 | Lair:5   | Entered Level 5 of the Lair of Beasts
 13346 | Lair:5   | Reached skill level 16 in Shapeshifting
 13404 | Lair:5   | Reached skill level 10 in Invocations
 14788 | Lair:1   | Reached skill level 1 in Armour
 14992 | D:9      | Reached XP level 15. HP: 113/118 MP: 22/22
 15134 | D:9      | Found a radiant altar of Vehumet.
 15180 | D:9      | Found a staircase to the Orcish Mines.
 15435 | D:9      | Found a flagged portal.
 15439 | Bailey   | Entered a bailey
 15739 | Bailey   | Identified the +2 shortbow of Uskayaw {flame, rF- rC+++
                  | Will- Dex+2}
 15749 | Bailey   | Identified the +0 plate armour of Kubbotau {+Inv Int-3
                  | Dex+7 SInv}
 15928 | D:9      | Found a runed translucent door.
 15930 | D:9      | Noticed perezv8180's ghost (novice SpCj)
 16042 | D:9      | Killed perezv8180's ghost
 16111 | D:9      | Reached ****** piety under Elyvilon
 16272 | D:10     | Entered Level 10 of the Dungeon
 16272 | D:10     | Noticed Erica
 16279 | D:10     | Killed Erica
 16337 | D:10     | Reached skill level 15 in Unarmed Combat
 16423 | D:10     | Noticed Harold
 16435 | D:10     | Killed Harold
 17305 | D:11     | Noticed Erolcha
 17312 | D:11     | Killed Erolcha
 17950 | D:12     | Noticed Jorgrun
 17955 | D:12     | Killed Jorgrun
 18148 | D:12     | Found a snail-covered altar of Cheibriados.
 18201 | D:12     | Learned a level 3 spell: Tukima's Dance
 18205 | D:12     | Learned a level 3 spell: Ozocubu's Armour
 18310 | Orc:1    | Entered Level 1 of the Orcish Mines
 18315 | Orc:1    | Found a frozen archway.
 18564 | IceCv    | Entered an ice cave
 18787 | IceCv    | Reached skill level 1 in Ice Magic
 19533 | IceCv    | Reached skill level 17 in Shapeshifting
 20408 | Orc:2    | Entered Level 2 of the Orcish Mines
 20918 | Orc:2    | Found a staircase to the Elven Halls.
 21122 | Orc:2    | Reached XP level 16. HP: 127/127 MP: 15/23
 21137 | Orc:2    | Found Ujefacu's Assorted Antiques.
 21137 | Orc:2    | Found Osibraz's Weapon Emporium.
 21143 | Orc:2    | Found Sisugi Otoet's Armour Emporium.
 21143 | Orc:2    | Found Kyaseth's Book Shop.
 21225 | Orc:2    | Bought a book of Spatial Translocations for 216 gold pieces
 21228 | Orc:2    | Learned a level 2 spell: Lesser Beckoning
 21233 | Orc:2    | Bought a scroll of identify for 70 gold pieces
 21233 | Orc:2    | Bought an amethyst potion for 31 gold pieces
 21233 | Orc:2    | Bought a scroll labelled CAM KIGINUYHYM for 35 gold pieces
 21709 | D:13     | Noticed Rupert
 21743 | D:13     | Noticed Lodul
 21743 | D:13     | Noticed Nessos
 21743 | D:13     | Found a gate to the Vaults.
 22296 | D:13     | Killed Nessos
 22302 | D:13     | Killed Lodul
 22303 | D:13     | Reached skill level 1 in Spellcasting
 22798 | D:13     | Noticed Maurice
 22820 | D:13     | Killed Maurice
 23598 | D:14     | Reached skill level 15 in Dodging
 23772 | D:15     | Entered Level 15 of the Dungeon
 24250 | D:15     | Found a staircase to the Depths.
 24522 | D:15     | Noticed Azrael
 24530 | D:15     | Killed Azrael
 25299 | Snake:1  | Entered Level 1 of the Snake Pit
 25393 | Snake:1  | Noticed Roxanne
 25550 | Snake:1  | Killed Roxanne
 25985 | D:13     | Killed Rupert
 26767 | Snake:1  | Found a shimmering blue altar of Sif Muna.
 26771 | Snake:1  | Found a transporter.
 26771 | Snake:1  | Noticed a nagaraja
 26912 | Snake:1  | Reached XP level 17. HP: 137/137 MP: 24/24
 27246 | Snake:2  | Noticed Nikola
 27258 | Snake:2  | Killed Nikola
 27396 | Snake:2  | Found a runed translucent door.
 27557 | Snake:2  | Reached skill level 18 in Shapeshifting
 28862 | Snake:3  | Found Inlu Nac's Distillery.
 28903 | Snake:3  | Bought a potion of magic for 128 gold pieces
 28903 | Snake:3  | Bought a potion of cancellation for 128 gold pieces
 28903 | Snake:3  | Bought a potion of ambrosia for 128 gold pieces
 28906 | Snake:3  | Found Fuics's Magic Scroll Shop.
 28917 | Snake:3  | Bought a scroll of identify for 42 gold pieces
 28917 | Snake:3  | Bought a scroll of identify for 42 gold pieces
 28917 | Snake:3  | Bought a scroll of identify for 42 gold pieces
 29313 | Snake:3  | Noticed Vashnia
 29331 | Snake:3  | Killed Vashnia
 29926 | Snake:4  | Entered Level 4 of the Snake Pit
 29983 | Snake:4  | Reached XP level 18. HP: 146/146 MP: 25/25
 30238 | Snake:4  | Noticed Mara
 30284 | Snake:4  | Identified the amulet "Lixeptyd" {Spirit Rampage rF+
                  | Slay+3}
 30615 | Snake:4  | Killed Mara
 30865 | Snake:4  | Reached skill level 19 in Shapeshifting
 31066 | Snake:4  | Identified the +0 scale mail of Complete Protection {Contam
                  | rF+ rN+++}
 31135 | Snake:4  | Got a serpentine rune of Zot
 31270 | Shoals:1 | Entered Level 1 of the Shoals
 31314 | Shoals:1 | Found the ring of the Octopus King
 31327 | Shoals:1 | Identified a ring of the Octopus King {HP+2 MP+9 AC+2 EV+2
                  | SH+2}
 31470 | Shoals:1 | Reached skill level 15 in Fighting
 31606 | Shoals:1 | Reached skill level 1 in Evocations
 31925 | Shoals:2 | Found a flickering gateway to a bazaar.
 31930 | Shoals:2 | Noticed Louise
 31941 | Shoals:2 | Killed Louise
 31985 | Bazaar   | Entered a bazaar
 31985 | Bazaar   | Found Vuibem's Armour Shoppe.
 31985 | Bazaar   | Found Ythrasch's Magic Scroll Emporium.
 31985 | Bazaar   | Found Xuykash's Jewellery Shoppe.
 32011 | Bazaar   | Bought a storm talisman for 1250 gold pieces
 32083 | Shoals:2 | Got Sif Muna's Lectures on the Body and Flames
 32168 | Shoals:2 | Noticed Polyphemus
 32179 | Shoals:2 | Killed Polyphemus
 32440 | Shoals:2 | Identified the +2 animal skin of Pysyow {rCorr}
 32809 | Shoals:3 | Reached XP level 19. HP: 155/155 MP: 26/26
 32942 | Shoals:3 | Noticed Ilsuiw
 32963 | Shoals:2 | Killed Ilsuiw
 33091 | Shoals:3 | Noticed Aizul
 33104 | Shoals:3 | Killed Aizul
 33781 | Shoals:4 | Entered Level 4 of the Shoals
 34167 | Shoals:4 | Paralysed by an air elemental for 1 turns
 34359 | Shoals:4 | Paralysed by an air elemental for 1 turns
 34653 | Shoals:4 | Reached skill level 20 in Shapeshifting
 34728 | Shoals:4 | Got a barnacled rune of Zot
 34732 | Shoals:4 | Identified the +1 pair of gloves of Koxkafu {Dex+4}
 35206 | Vaults:1 | Entered Level 1 of the Vaults
 35409 | Vaults:1 | Noticed Saint Roka
 35428 | Vaults:1 | Killed Saint Roka
 35779 | Vaults:1 | Reached skill level 5 in Evocations
 36611 | Vaults:2 | Reached XP level 20. HP: 164/164 MP: 25/27
 36731 | Vaults:2 | Found Kicili's Antique Armour Emporium.
 37328 | Vaults:2 | You fall into a shaft and drop 1 floor!
 37858 | Vaults:3 | Found a portal to a secret trove of treasure.
 38033 | Vaults:3 | Found a staircase to the Crypt.
 38531 | Vaults:3 | Learned a level 2 spell: Wereblood
 38993 | Vaults:4 | Reached skill level 1 in Translocations
 39051 | Vaults:4 | Reached skill level 21 in Shapeshifting
 39746 | Vaults:4 | Reached XP level 21. HP: 172/172 MP: 28/28
 40134 | Elf:1    | Entered Level 1 of the Elven Halls
 40136 | Elf:1    | Paralysed by an air elemental for 1 turns
 40367 | Elf:1    | Noticed Norris
 40379 | Elf:1    | Killed Norris
 41053 | Elf:1    | Found Qeigin's Jewellery Emporium.
 41053 | Elf:1    | Found Gack's Book Shop.
 41054 | Elf:1    | Found Zamac's Jewellery Emporium.
 41060 | Elf:1    | Bought the ring "Doisa" {Wiz Int+4} for 590 gold pieces
 41060 | Elf:1    | Bought the ring of the Pure Knives {Will+ Str+5} for 552
                  | gold pieces
 41326 | Elf:2    | Reached skill level 5 in Translocations
 41478 | Elf:2    | Found a runed translucent gate.
 41478 | Elf:2    | Found a runed translucent gate.
 41485 | Elf:2    | Found a runed translucent gate.
 41538 | Elf:2    | Found Moorel's Antique Armour Emporium.
 42238 | Elf:3    | Entered Level 3 of the Elven Halls
 42655 | Elf:3    | Found Sonuullua's Antique Armour Boutique.
 42760 | Elf:2    | Found a radiant altar of Vehumet.
 42853 | Elf:3    | Reached XP level 22. HP: 77/182 MP: 1/29
 43038 | Elf:3    | Reached skill level 22 in Shapeshifting
 43108 | Elf:3    | Identified the +4 halberd "Impslayer" {holy, *Slow rN+
                  | Will+ Stlth+}
 43275 | Elf:3    | Identified the staff "Bugiolit" {SInv Conj}
 43289 | Elf:3    | Identified the +2 great sword "Juedd" {elec, rCorr}
 43297 | Elf:3    | Identified the +9 rapier "Vofajoeh" {antimagic, Str+3}
 43300 | Elf:3    | Identified the +8 lajatang of the Ageless Portals {holy,
                  | rElec}
 43301 | Elf:3    | Identified the +1 helmet of Intercession {-Tele rF+++ Will+
                  | Str+3}
 43302 | Elf:3    | Identified the staff of the Chain {rPois rC+ Ice}
 43304 | Elf:3    | Identified the ring of Nesullid {Fly rN+ rCorr Int-2}
 43336 | Elf:3    | Identified the +6 scimitar "Baimiapp" {venom, Str+2 Int+8
                  | Stlth+}
 43348 | Elf:3    | Identified the staff of the Wilderness {rElec rPois rC- rN+
                  | Str+6 Necro}
 43636 | Depths:1 | Entered Level 1 of the Depths
 43747 | Depths:1 | Reached skill level 23 in Shapeshifting
 44125 | Depths:1 | Found a white marble altar of Elyvilon.
 44299 | Depths:1 | Found a gateway to Hell.
 44339 | Depths:2 | Found a one-way gate leading to the halls of Pandemonium.
 44446 | Depths:2 | Identified the amulet of Incredulity {Spirit -Tele Will+++
                  | Int+4 Stlth+}
 44581 | Depths:2 | Found a one-way gateway to a ziggurat.
 44833 | Depths:2 | Found Rurch's Magic Scroll Boutique.
 44838 | Depths:2 | Found Xidobbi's General Store.
 44841 | Depths:2 | Bought a scroll of blinking for 82 gold pieces
 44910 | Depths:2 | Found a one-way gate to the infinite horrors of the Abyss.
 45342 | Depths:3 | Reached XP level 23. HP: 188/188 MP: 32/32
 45347 | Depths:3 | Reached skill level 24 in Shapeshifting
 45512 | Depths:3 | Found a corrupted altar of Lugonu.
 46447 | Depths:3 | Noticed a juggernaut
 46452 | Depths:3 | Killed a juggernaut
 46458 | Depths:3 | Noticed a golden dragon
 46467 | Depths:3 | Reached skill level 25 in Shapeshifting
 46475 | Depths:3 | Killed a golden dragon
 46604 | Depths:3 | Noticed a golden dragon
 46624 | Depths:3 | Killed a golden dragon
 46979 | Depths:3 | Paralysed by a floating eye for 4 turns
 47270 | Depths:4 | Entered Level 4 of the Depths
 47403 | Depths:4 | Noticed a golden dragon
 47406 | Depths:4 | Noticed a golden dragon
 47408 | Depths:4 | Found a runed translucent door.
 47413 | Depths:4 | Killed a golden dragon
 47414 | Depths:4 | Reached skill level 15 in Invocations
 47537 | Depths:4 | Reached XP level 24. HP: 161/195 MP: 34/34
 47749 | Depths:4 | Reached skill level 26 in Shapeshifting
 47761 | Depths:4 | Found Bufregog's Magic Scroll Emporium.
 47769 | Depths:4 | Bought a scroll of blinking for 82 gold pieces
 47877 | Depths:4 | Found a gate to the Realm of Zot.
 47958 | Depths:4 | Found a hazy altar of Hepliaklqana.
 48092 | Depths:4 | Identified the ring "Seilairch" {Will+++ EV+5}
 48123 | Depths:4 | Upgraded the game from 0.31-a0-460-g9e667d4245 to
                  | 0.31-a0-466-g98c9adc2b6
 48505 | Snake:1  | Found a transporter.
 48544 | Snake:1  | Identified the +0 pair of boots of Darkness {SInv}
 48552 | Snake:1  | Learned a level 4 spell: Manifold Assault
 48888 | Crypt:1  | Entered Level 1 of the Crypt
 48926 | Crypt:1  | Found a huge runed gate.
 48926 | Crypt:1  | Found a huge runed gate.
 48926 | Crypt:1  | Found a huge runed gate.
 48926 | Crypt:1  | Found a huge runed gate.
 48926 | Crypt:1  | Found a huge runed gate.
 49058 | Crypt:1  | Paralysed by a vampire knight for 2 turns
 49096 | Crypt:1  | Noticed Zenata
 49100 | Crypt:1  | Killed Zenata
 49342 | Crypt:1  | Found a huge runed gate.
 49342 | Crypt:1  | Found a huge runed gate.
 49343 | Crypt:1  | Found a huge runed gate.
 49344 | Crypt:1  | Found a huge runed gate.
 49345 | Crypt:1  | Found a huge runed gate.
 49346 | Crypt:1  | Found a huge runed gate.
 49347 | Crypt:1  | Found a huge runed gate.
 49348 | Crypt:1  | Found a huge runed gate.
 49349 | Crypt:1  | Found a huge runed gate.
 49350 | Crypt:1  | Found a huge runed gate.
 49358 | Crypt:1  | Found a huge runed gate.
 49358 | Crypt:1  | Found a huge runed gate.
 49358 | Crypt:1  | Found a huge runed gate.
 49358 | Crypt:1  | Found a huge runed gate.
 49358 | Crypt:1  | Found a huge runed gate.
 49358 | Crypt:1  | Found a huge runed gate.
 49359 | Crypt:1  | Found a huge runed gate.
 49360 | Crypt:1  | Found a huge runed gate.
 49377 | Crypt:1  | Found a huge runed gate.
 49378 | Crypt:1  | Found a huge runed gate.
 49379 | Crypt:1  | Found a huge runed gate.
 49380 | Crypt:1  | Found a huge runed gate.
 49381 | Crypt:1  | Found a huge runed gate.
 49382 | Crypt:1  | Found a huge runed gate.
 49383 | Crypt:1  | Found a huge runed gate.
 49383 | Crypt:1  | Found a huge runed gate.
 49388 | Crypt:1  | Found a huge runed gate.
 49389 | Crypt:1  | Found a huge runed gate.
 49398 | Crypt:1  | Found a huge runed gate.
 49398 | Crypt:1  | Found a huge runed gate.
 49398 | Crypt:1  | Found a huge runed gate.
 49684 | Crypt:1  | Noticed an ancient lich
 49684 | Crypt:1  | Noticed an ancient lich
 49684 | Crypt:1  | Noticed an ancient lich
 49684 | Crypt:1  | Noticed an ancient lich
 49687 | Crypt:1  | Noticed a dread lich
 49688 | Crypt:1  | Killed an ancient lich
 49691 | Crypt:1  | Killed an ancient lich
 49692 | Crypt:1  | Reached skill level 27 in Shapeshifting
 49803 | Crypt:1  | Killed an ancient lich
 49851 | Crypt:1  | Killed a dread lich
 49858 | Crypt:1  | Killed an ancient lich
 49880 | Crypt:1  | Identified the +1 leather armour of Fun and Games {Will+
                  | Str+2 Int+8 Dex+2}
 49979 | Crypt:2  | Identified the +1 war axe of the Twisting Fulmar {freeze,
                  | Dex+3}
 50056 | Crypt:2  | Noticed Margery
 50062 | Crypt:2  | Killed Margery
 50268 | Crypt:2  | Reached XP level 25. HP: 201/201 MP: 35/35
 50347 | Crypt:2  | Noticed Jory
 50353 | Crypt:2  | Killed Jory
 50551 | Crypt:2  | Noticed Boris
 50558 | Crypt:2  | Killed Boris
 50661 | Crypt:3  | Entered Level 3 of the Crypt
 50977 | Crypt:3  | Found a staircase to the Tomb.
 51229 | Crypt:3  | Found a basalt altar of Yredelemnul.
 51235 | Crypt:3  | Reached skill level 5 in Ice Magic
 51414 | Crypt:3  | Reached skill level 5 in Transmutations
 51559 | Crypt:3  | Reached skill level 5 in Air Magic
 52477 | Crypt:3  | Got Noxzolap's Lessons on Flaming Necromantic Spells
 52478 | Crypt:3  | Identified the staff "Goblinslayer" {Fly rPois Str+5 Int+3
                  | Dex-2 Poison}
 52730 | Vaults:5 | Entered Level 5 of the Vaults
 52740 | Vaults:5 | Found Reameust's Magic Scroll Shoppe.
 52798 | Vaults:5 | Paralysed by an ogre mage for 2 turns
 52817 | Vaults:5 | Reached skill level 10 in Translocations
 53031 | Vaults:5 | Reached XP level 26. HP: 202/208 MP: 36/36
 53098 | Vaults:5 | Identified the +3 shortbow of Casizy {antimagic, rN+ rCorr
                  | Dex+3}
 53207 | Vaults:5 | Noticed a dread lich
 53211 | Vaults:5 | Paralysed by a dread lich for 4 turns
 53216 | Vaults:5 | Killed a dread lich
 53233 | Vaults:5 | Got a silver rune of Zot
 53286 | Vaults:5 | Noticed a dread lich
 53291 | Vaults:5 | Killed a dread lich
 53585 | Vaults:5 | Bought 2 scrolls of teleportation for 78 gold pieces
 53585 | Vaults:5 | Bought 3 scrolls of summoning for 370 gold pieces
 54313 | Zot:1    | Entered Level 1 of the Realm of Zot
 55578 | Zot:2    | Reached skill level 10 in Evocations
 55696 | Zot:2    | Identified the ring of Xom's Entertainment {Ice rCorr
                  | Int+4}
 55696 | Zot:2    | Noticed Josephina
 55706 | Zot:2    | Killed Josephina
 56047 | Zot:3    | Reached XP level 27. HP: 217/217 MP: 37/37
 56288 | Zot:3    | Identified the +6 dagger "Feguocs" {drain, rElec rPois
                  | rN+++ Dex+2}
 57274 | Zot:4    | Noticed Xavori's ghost (legendary VSCK)
 57277 | Zot:4    | Found a transporter.
 57284 | Zot:4    | Found a bloodstained altar of Trog.
 57284 | Zot:4    | Identified the +1 cloak "Wourgheas" {Str+3 Dex+2}
 57285 | Zot:4    | Found a transporter.
 57295 | Zot:4    | Identified the +0 cloak of the Demon Prince {rF+ rCorr}
 57377 | Zot:4    | Noticed an orb of fire
 57385 | Zot:4    | Killed an orb of fire
 57396 | Zot:4    | Noticed Parghit
 57413 | Zot:4    | Pacified Parghit
 57809 | Zot:5    | Entered Level 5 of the Realm of Zot
 58637 | Zot:5    | Noticed an ancient lich
 58639 | Zot:5    | Killed an ancient lich
 58667 | Zot:5    | Noticed a dread lich
 58675 | Zot:5    | Killed a dread lich
 58756 | Zot:5    | Noticed an orb of fire
 58766 | Zot:5    | Killed an orb of fire
 58774 | Zot:5    | Noticed an ancient lich
 58784 | Zot:5    | Killed an ancient lich
 58798 | Zot:5    | Noticed a dread lich
 58800 | Zot:5    | Killed a dread lich
 59059 | Zot:5    | Noticed an orb of fire
 59071 | Zot:5    | Gained mutation: You have hidden genetic potential. [an orb
                  | of fire]
 59074 | Zot:5    | Killed an orb of fire
 59545 | Zot:5    | Noticed a dread lich
 59549 | Zot:5    | Noticed an ancient lich
 59549 | Zot:5    | Noticed a dread lich
 59552 | Zot:5    | Killed a dread lich
 59553 | Zot:5    | Noticed an orb of fire
 59554 | Zot:5    | Killed a dread lich
 59555 | Zot:5    | Noticed a dread lich
 59558 | Zot:5    | Killed an ancient lich
 59562 | Zot:5    | Noticed an ancient lich
 59566 | Zot:5    | Killed an orb of fire
 59574 | Zot:5    | Killed a dread lich
 59582 | Zot:5    | Killed an ancient lich
 59625 | Zot:5    | Noticed an ancient lich
 59627 | Zot:5    | Killed an ancient lich
 59628 | Zot:5    | Reached skill level 15 in Evocations
 60053 | Zot:5    | Identified the +0 tower shield of the Byakko {rElec rF-
                  | Regen+ Dex+7}
 60283 | Zot:5    | Got the Orb of Zot
 60520 | Depths:2 | Noticed Xaxty the pandemonium lord
 60525 | Depths:2 | Killed Xaxty the pandemonium lord
 60576 | Depths:2 | Noticed Hast the pandemonium lord
 60925 | D:$      | Escaped with the Orb!

Illustrated notes

Levels and vault maps discovered:
D:1:      dpeg_arrival_arbitrary_a, layout_basic
D:2:      layout_rooms, chequers_ecumenical_altar_island, nicolae_grassy_gnolls
D:3:      layout_rooms, lemuel_coloured_pillars_altar, grunt_qazlal_clouds,
          portal_sewer_entry_e
D:4:      layout_basic
D:5:      layout_cave_pools, uniq_edmund, uniq_eustachio
D:6:      layout_basic, xom_teletrap_fun, gammafunk_temple_overflow_claw,
          grunt_gozag_breadcrumbs, nemelex_dance_club_becter,
          chequers_temple_overflow_statue_of_worship, minmay_temple_entry_tees,
          serial_corexii_hall, corexii_hall_statues_i,
          corexii_hall_statues_deadend
D:7:      layout_basic, minmay_misc_feat_square, uniq_duvessa
D:8:      layout_loops_ring, mainiacjoe_overflow_tiny_flanked,
          fedhas_bush_and_centaur_altar, nicolae_overflow_hidden_temple,
          lair_entry_dummy
D:9:      layout_irregular_city, nicolae_vehumet_radiance, erik_orc_4,
          enter_bailey_1, ebering_ghost_inner_flame, minmay_between
D:10:     layout_gridville, uniq_harold, uniq_erica
D:11:     layout_small_grid, uniq_erolcha
D:12:     layout_cave_pools, cheibrodos_worm_habitat, uniq_jorgrun
D:13:     layout_roguey, david_vaults_3, uniq_maurice, uniq_rupert
D:14:     layout_basic, minmay_misc_feat_plants
D:15:     gammafunk_enter_depths_forms, layout_irregular_city,
          hangedman_decor_opposing, uniq_azrael
Temple:   nicolae_temple_ecumenical_triangle
Lair:1:   layout_roguey, nicolae_volcano_entry_hallway, serial_bayou_pond_c,
          serial_bayou_pond_c
Lair:2:   layout_regular_city, minmay_shattered_shrine, serial_bayou_shore_a,
          grunt_megastairs_2
Lair:3:   layout_small_grid, elwin_shoals_entry_stream, dummy_snake_entry,
          uniq_sonja, uniq_gastronok
Lair:4:   layout_loops_ring, minmay_slime_entry_jelly_boxes
Lair:5:   gammafunk_lair_ancient_temple, layout_cave_pods
Shoals:1: layout_shoals
Shoals:2: argonaut_golden_fleece, layout_shoals, serial_shops, bzr_in_the_mist,
          uniq_louise, uniq_polyphemus
Shoals:3: layout_shoals, uniq_ilsuiw, uniq_aizul
Shoals:4: shoals_end_hellmonk_storm_palace [storm_palace_center_ruins,
          storm_palace_corner_blocked, storm_palace_corner_reverse_hut,
          storm_palace_corner_grid, storm_palace_corner_grid], serial_shops
Snake:1:  gammafunk_sealed_library, layout_grid_maze, grunt_ministairs_4,
          uniq_roxanne
Snake:2:  cheibrodos_toxic_ritual, layout_chambers, grunt_megastairs_3,
          uniq_nikola
Snake:3:  layout_chambers, st_stairs_2, serial_bayou_pond_e, minmay_shoptagon,
          uniq_vashnia
Snake:4:  minmay_snake_end_coiled, layout_onion, nicolae_letterblocks
          [nicolae_letter_subblock, nicolae_letter_subblock,
          nicolae_letter_subblock, nicolae_letter_subblock,
          nicolae_letter_subblock, nicolae_letter_subblock,
          nicolae_letter_subblock, nicolae_letter_subblock,
          nicolae_letter_subblock, nicolae_letter_subblock,
          nicolae_letter_subblock, nicolae_letter_subblock,
          nicolae_letter_subblock, nicolae_letter_subblock,
          nicolae_letter_subblock, nicolae_letter_subblock,
          nicolae_letter_subblock, nicolae_letter_subblock,
          nicolae_letter_subblock, nicolae_letter_subblock,
          nicolae_letter_subblock, nicolae_letter_subblock,
          nicolae_letter_subblock, nicolae_letter_subblock,
          nicolae_letter_subblock], uniq_mara
Orc:1:    layout_caves, portal_ice_cave_entry_imps
Orc:2:    grunt_orc_tribal_feast, layout_caves, mines_bat_river
Elf:1:    nicolae_elf_arrival_aired_out, layout_loops_corners,
          hangedman_elf_represent, minmay_shop_grove, uniq_norris
Elf:2:    elven_hall_of_blades_hangedman_original
          [nicolae_vaults_blade_armed_guards], layout_geoelf_octagon,
          serial_shops, nicolae_shop_back_alley_shop, minmay_misc_feat_rows,
          lemuel_upstairs_altar
Elf:3:    elf_hall, layout_gridlike, serial_shops, nicolae_lakefront_shop
Vaults:1: vaults_dpeg_doors, hangedman_vaults_capsules,
          nicolae_vaults_storage_room_water, ontoclasm_vaults_fault,
          nicolae_vaults_little_squares_2, nicolae_vaults_tetromino_L_1,
          nicolae_vaults_tangram_1, layout_vaults_quadrants, uniq_saint_roka
Vaults:2: nicolae_vaults_house_3, nicolae_vaults_spaceships,
          nicolae_vaults_trapezoid_4, nicolae_vaults_shelves_hall, v_misc_27,
          nicolae_vaults_offset_grid_hallway_4,
          nicolae_vaults_closet_pinwheel_6, nicolae_vaults_double_plus_1,
          nicolae_vaults_tetromino_L_1, nicolae_vaults_six-pack,
          layout_vaults_omnicross, serial_shops, nicolae_shop_peninsula
Vaults:3: nicolae_vaults_offset_grid_hallway_3,
          minmay_crypt_entry_simple_corners, nicolae_vaults_tetromino_L_2,
          nicolae_vaults_trapezoid_lopsided_2, nicolae_vaults_sightless_eye,
          nicolae_vaults_little_squares_4, nicolae_vaults_house_2,
          vaults_mumra_chevron, layout_vaults_chaotic_city,
          nicolae_trove_entry_path_of_doom
Vaults:4: nicolae_vaults_fighting_squares, hangedman_vaults_stagger,
          grunt_vaults_focal, v_misc_29, ontoclasm_vaults_chip, v_pattern_4,
          nicolae_vaults_mitosis, vaults_mumra_minichess_inversion,
          nicolae_vaults_theta, layout_vaults_omnibox
Vaults:5: serial_shops
Crypt:1:  layout_chaotic_city, door_vault, grunt_megastairs_1, uniq_zenata
Crypt:2:  layout_basic, uniq_margery, uniq_jory, uniq_boris
Crypt:3:  evilmike_haunted_forest
Depths:1: layout_cave_pools, grunt_hell_entry_dis_grunt, kennysheep_nub,
          nicolae_elyvilon_peaceful_grove
Depths:2: minmay_ambush_box, layout_gridlike, enter_ziggurat_e,
          minmay_room_of_horrors, pan_entry, hangedman_tar_grid_catacomb,
          minmay_shop_star
Depths:3: nzn_winding_woodlands_huge [nzn_winding_woodlands_5x15_concentric,
          nzn_winding_woodlands_5x15_lazy_stream,
          nzn_winding_woodlands_5x15_pool, nzn_winding_woodlands_5x15_crooked,
          nzn_winding_woodlands_5x15_garden,
          nzn_winding_woodlands_5x15_sawtooth,
          nzn_winding_woodlands_5x15_zeroes, nzn_winding_woodlands_5x15_eye,
          nzn_winding_woodlands_5x15_twine, nzn_winding_woodlands_5x15_pockets,
          nzn_winding_woodlands_center_triple_pond,
          nzn_winding_woodlands_center_lodge,
          nzn_winding_woodlands_15x15_killbox], layout_cave_shapes,
          abyss_entry_flame_altar, hell_entry
Depths:4: evilmike_zot_entry_hall, layout_gridville, serial_shops,
          nicolae_lakefront_shop, hell_entry, nzn_hepliaklqana_mist_gate,
          minmay_st_funbox, minmay_misc_feat_more_columns, dk_noncrumbling_4
Zot:1:    layout_gridville
Zot:2:    layout_basic, uniq_josephina
Zot:3:    layout_misc_corridors, grunt_megastairs_5
Zot:4:    layout_basic, gammafunk_ghost_wrathful_warriors, uniq_parghit
Zot:5:    layout_misc_corridors, bh_zot_ikea_curve

Skill      XL: |  1  2  3  4  5  6  7  8  9 10 11 12 13 14 15 16 17 18 19 20 21 22 23 24 25 26 27 |
---------------+----------------------------------------------------------------------------------+-----
Unarmed Combat | 4 5 6 10 11 12 13 14 15 16 17 19 20 21 22 23 | 23.5
Shapeshifting  | 5 6 8 9 10 12 15 16 17 18 19 20 21 23 25 27 | 27.0
Fighting       | 5 7 8 9 11 12 13 14 15 16 17 18 19 | 19.9
Dodging        | 7 9 10 11 13 14 15 16 18 19 20 21 23 | 23.2
Invocations    | 5 6 7 8 9 10 13 15 17 19 20 | 20.3
Stealth        | 2 4 |  4.0
Transmutations | 1 3 6 |  6.0
Earth Magic    | 1 |  1.0
Air Magic      | 3 4 6 |  6.0
Armour         | 1 3 4 |  4.0
Ice Magic      | 3 4 6 7 |  7.0
Spellcasting   | 4 |  4.0
Evocations     | 2 5 7 9 10 15 | 15.4
Translocations | 3 5 7 10 11 | 11.4

Action                     |  1- 3 |  4- 6 |  7- 9 | 10-12 | 13-15 | 16-18 | 19-21 | 22-24 | 25-27 || total
---------------------------+-------+-------+-------+-------+-------+-------+-------+-------+-------++-------
  Melee: Unarmed           |    71 |   168 |   126 |   328 |   840 |   933 |  1037 |   830 |  1047 ||  5380
         Punch             |     3 |     4 |     6 |    26 |    67 |   100 |   132 |   130 |   156 ||   624
         Tailslap          |       |     3 |       |    21 |    82 |    35 |    10 |       |       ||   151
         Bite              |       |       |       |     8 |    68 |    24 |       |       |       ||   100
  Throw: Dart              |       |       |     2 |       |       |     4 |       |       |       ||     6
   Cast: Lesser Beckoning  |       |       |       |       |       |     1 |       |       |       ||     1
         Wereblood         |       |       |       |       |       |       |       |     4 |    12 ||    16
         Manifold Assault  |       |       |       |       |       |       |       |       |    64 ||    64
         Passwall          |       |       |       |       |       |       |       |       |     1 ||     1
 Invoke: Heal Other        |       |       |     2 |     8 |    29 |     8 |     7 |     5 |     6 ||    65
         Purification      |       |       |       |     1 |       |       |       |     2 |       ||     3
         Heal Self         |       |       |       |       |     2 |     2 |     3 |     1 |     4 ||    12
         Divine Vigour     |       |       |       |       |       |       |       |       |     1 ||     1
Ability: Breathe Fire      |       |       |       |     8 |    11 |     6 |       |       |       ||    25
         Blinkbolt         |       |       |       |       |       |       |     3 |    11 |    23 ||    37
  Evoke: Wand              |       |       |       |       |       |       |       |     1 |    10 ||    11
         Lightning rod     |       |       |       |       |       |       |       |       |     4 ||     4
    Use: Scroll            |       |     1 |       |     4 |    10 |    11 |     1 |     1 |     8 ||    36
         Potion            |       |     1 |     7 |     1 |       |     2 |       |       |     9 ||    20
   Stab: Sleeping          |       |       |       |     2 |    23 |    12 |    18 |     6 |     5 ||    66
         Distracted        |       |       |       |     1 |     1 |     1 |     2 |     5 |     1 ||    11
 Armour: Chain mail        |    21 |    44 |    40 |    51 |       |       |       |       |       ||   156
         Animal skin       |     4 |       |       |       |       |       |       |       |       ||     4
         Skin              |       |    36 |       |    38 |   181 |   509 |   538 |    59 |    70 ||  1431
         Leather armour    |       |       |       |       |    15 |       |       |       |       ||    15
         Robe              |       |       |       |       |    27 |       |       |       |       ||    27
  Dodge: Dodged            |    31 |    54 |    75 |   137 |   616 |  1468 |  1439 |   776 |   993 ||  5589
  Block: Other             |       |       |       |       |       |       |    28 |    46 |    40 ||   114
   Form: Beast             |       |       |       |     2 |       |       |       |       |       ||     2
         Blade             |       |       |       |     1 |     2 |     3 |       |       |       ||     6
         Dragon            |       |       |       |     2 |     2 |     4 |       |       |       ||     8
         Statue            |       |       |       |       |       |     3 |     1 |       |       ||     4
                           |       |       |       |       |       |     2 |       |       |     1 ||     3
         Anaconda          |       |       |       |       |       |     1 |       |       |       ||     1
         Storm             |       |       |       |       |       |       |     2 |       |     1 ||     3

Table legend: (Time is in decaauts)
 A = Elapsed time spent in this place.
 B = Non-inter-level travel time spent in this place.
 C = Inter-level travel time spent in this place.
 D = Time resting spent in this place.
 E = Time spent auto-exploring this place.
 F = Levels seen in this place.
 G = Mean time per level.
                   A        B        C        D        E       F      G
               +--------+--------+--------+--------+--------+-----+--------+
         Total |  65257 |  58526 |   6731 |  10856 |  33139 |  56 | 1165.3 |
       Dungeon |  15396 |  12735 |   2661 |   2699 |   7134 |  15 | 1026.4 |
        Temple |      1 |      1 |      0 |      0 |      0 |   1 |    1.0 |
          Lair |   6903 |   6349 |    554 |   1615 |   3196 |   5 | 1380.6 |
        Shoals |   4549 |   4241 |    308 |    730 |   2169 |   4 | 1137.2 |
     Snake Pit |   7816 |   7245 |    571 |    955 |   4198 |   4 | 1954.0 |
  Orcish Mines |   2077 |   1778 |    299 |    540 |    825 |   2 | 1038.5 |
   Elven Halls |   3261 |   3120 |    141 |    379 |   1922 |   3 | 1087.0 |
        Vaults |   8619 |   7536 |   1083 |    427 |   5505 |   5 | 1723.8 |
         Crypt |   3618 |   3228 |    390 |    354 |   1908 |   3 | 1206.0 |
        Depths |   4319 |   3765 |    554 |    293 |   2568 |   4 | 1079.8 |
           Zot |   5852 |   5686 |    166 |   1385 |   3155 |   5 | 1170.4 |
        Bazaar |     50 |     50 |      0 |      0 |      6 |   1 |   50.0 |
         Sewer |    823 |    823 |      0 |    483 |    158 |   1 |  823.0 |
        Bailey |    416 |    416 |      0 |    143 |    111 |   1 |  416.0 |
      Ice Cave |   1244 |   1244 |      0 |    746 |    276 |   1 | 1244.0 |
       Volcano |    306 |    306 |      0 |    104 |      5 |   1 |  306.0 |
               +--------+--------+--------+--------+--------+-----+--------+

Top non-repeatable levels by time:
   Zot:5: 2410 daAuts
 Snake:1: 2092 daAuts
 Snake:3: 2032 daAuts
Vaults:1: 2009 daAuts
Vaults:2: 1974 daAuts
 Crypt:3: 1894 daAuts
Vaults:3: 1890 daAuts
 Snake:2: 1880 daAuts
  Lair:1: 1814 daAuts
 Snake:4: 1811 daAuts
Shoals:4: 1582 daAuts
Vaults:4: 1574 daAuts
    D:12: 1509 daAuts
  Lair:3: 1467 daAuts
  Lair:2: 1424 daAuts
